Match 37855570
Unlisted

Match 37855570
End
Construct Section Command Post
Infantry Section
Infantry Section
Infantry Section
Infantry Section
Infantry Section
Construct Field Infirmary
Construct Platoon Command Post
CMP 15cwt Truck
6-pounder Anti-tank Gun Team
Unlock Bishop Self-propelled Artillery
Selects Air and Sea Battlegroup
Selects Supply Surplus
Infantry Section
Infantry Section
Grenade Package
Selects Centaur Medium Tank
Selects Naval Bombardment
Hoelle
TidaL
Walrus
Howardgzh
Marqués
Razier
Kevege
ELON MUSK
0
0

Comments sign in to comment!

No comments posted yet!